AoeStats
← Burrito

Golden Pit

508481159Analyzed
1v1 RM · 10d ago on Sep 22, 2026· 58m 50s· 2 players
Game mode
Random Map
Map size
Tiny (2 player)
Population
200
Speed
Normal
Resources
Standard
Victory
Conquest
Starting age
Dark Age
Ending age
Imperial Age
RankedLock teamsTeams togetherTeam positionsShared explorationLock speedFull tech treeHidden civsTurbo modeCheats
Victory
Defeat
🇳🇱 Franks · Netherlands
915
+17
🇨🇴 Armenians · Colombia
931
-17
Burrito
11:03 Feudal Age
13:49 Double-Bit Axe
18:06 Scale Barding Armor
18:14 Forging
19:05 Man-at-Arms
19:53 Scale Mail Armor
21:18 Gold Mining
21:21 Stone Mining
24:41 Arson
29:15 Castle Age
27:42 Fletching
28:29 Loom
29:21 Wheelbarrow
28:32 Town Watch
30:10 Bow Saw
30:14 Husbandry
31:28 Light Cavalry
32:15 Long Swordsman
32:47 Gambesons
33:49 Chain Barding Armor
33:38 Squires
34:28 Ballistics
35:58 Hand Cart
36:16 Murder Holes
41:42 Iron Casting
41:24 Chain Mail Armor
41:08 Bodkin Arrow
44:24 Town Patrol
49:07 Padded Archer Armor
49:32 Elite Skirmisher
50:53 Leather Archer Armor
kevin.adhira19
0:26 Loom
11:46 Feudal Age
12:15 Double-Bit Axe
14:04 Horse Collar
15:28 Pikeman
24:27 Castle Age
22:22 Fletching
22:33 Scale Mail Armor
23:23 Padded Archer Armor
23:48 Gold Mining
25:17 Bow Saw
25:09 Heavy Plow
25:11 Bodkin Arrow
27:35 Ballistics
26:55 Treadmill Crane
26:42 Crossbowman
27:36 Forging
29:40 Chain Mail Armor
34:28 Imperial Age
33:48 Iron Casting
33:31 Leather Archer Armor
34:04 Gold Shaft Mining
35:06 Iron Casting
36:37 Chemistry
38:04 Scale Barding Armor
38:01 Bracer
38:30 Light Cavalry
44:32 Chain Barding Armor
45:00 Stone Mining
46:03 Ring Archer Armor
51:33 Arbalester
Connection lost

Rejoining the realm…

Still unreachable

The connection could not be restored.

Session expired

The server has moved on; the page needs a fresh start.